cohdb
Replays
Latest Replays
All Replays
Popular Replays
Top Player Replays
Match Explorer
How It Works
Community
CoH3 Stats
Reddit
Sign in to upload your games and track your stats! →
Sign in with Steam
Match 39241730
Unlisted
Match 39241730
Overview
Messages
Build Orders
End
Panzergrenadier Squad
Selects Italian Infantry
Panzergrenadier Squad
250 Light Carrier
Construct Light Support Kompanie
Combat Half-tracks
Assault Grenadier Squad
Fire Support Elements
2.5-tonne Medical Truck
Flakvierling Half-track
Selects Guastatori Squad
Selects Registered Artillery
Panzerpioneer Squad
Guastatori Squad
Selects Towed Cannone da 105/28 Field Howitzer
Construct Panzerarmee Kommand
Towed Cannone da 105/28 Field Howitzer
Panzer III L Medium Tank
Selects Defensive Operations
Flakvierling Half-track
Pak 38 Mechanized Group
Selects Prepared Positions
Panzer III L Medium Tank
Panzer III L Medium Tank
Selects Obice 305mm Barrage
Vehicle Survival Package
Obice 305mm Barrage
Panzer III L Medium Tank
Tungsten Core Ammunition
honolulu pizza
Raiser
173687052
gimoshau
Honey
FIXFALL
khj
ChaserofLight
0
0
Comments
sign in to comment!
No comments posted yet!